 Dungeon Crawl Stone Soup version 0.28-a0-268-g3f656e82c2 (webtiles) character file.

Game seed: 6882611376901327433

91 theanonym the Sneak (level 4, -2/37 HPs)
             Began as a Mummy Delver on Aug 29, 2021.
             Was a Follower of Nemelex Xobeh.
             Slain by an orc wizard (4 damage)
             ... on level 2 of the Dungeon.
             The game lasted 00:04:17 (3304 turns).

theanonym the Sneak (Mummy Delver)                  Turns: 3304, Time: 00:04:18

Health: -2/37      AC:  8    Str: 16    XL:     4   Next: 34%
Magic:  4/4        EV:  7    Int:  9    God:    Nemelex Xobeh [*.....]
Gold:   76         SH:  0    Dex: 13    Spells: 3/3 levels left

rFire   x . .      SeeInvis .   a - +0 spear
rCold   + . .      Faith    .   (no shield)
rNeg    + + +      Spirit   .   h - +0 chain mail
rPois   ∞          Reflect  .   (no helmet)
rElec   .          Harm     .   (no cloak)
rCorr   .          Rampage  .   (no gloves)
Will    .....                   (no boots)
Stlth   ..........              (no amulet)
HPRegen 0.12/turn               (no ring)
MPRegen 0.09/turn               (no ring)

@: no status effects
A: cold resistance 1, negative energy resistance 3, torment resistance 2, heat
vulnerability 1, no potions
a: Renounce Religion, Draw Escape, Draw Destruction, Draw Summoning


Innate Abilities, Weirdness & Mutations

You are immune to poison.
Your flesh is cold resistant. (rC+)
You are immune to negative energy. (rN+++)
You are immune to unholy pain and torment.
You are vulnerable to heat. (rF-)
You do not drink.


   Skills:
 + Level 3.6 Fighting
 * Level 3.0 Polearms
 - Level 1.5 Dodging
 - Level 4.1 Stealth
 + Level 1.2 Invocations


You had 3 spell levels left.
You didn't know any spells.
Your spell library was empty.

Skill      XL: |  1  2  3  4 |
---------------+-------------+-----
Polearms       | 2 3 |  3.0
Invocations    | 1 |  1.2
Fighting       | |  3.6
Dodging        | |  1.5
Stealth        | |  4.1

Action                   |  1- 3 |  4- 6 || total
-------------------------+-------+-------++-------
Melee: Spear             |   238 |    95 ||   333
Evoke: Wand              |       |     1 ||     1
  Use: Scroll            |       |     1 ||     1
 Stab: Sleeping          |     3 |       ||     3
Armor: Leather armour    |    11 |       ||    11
       Ring mail         |     6 |       ||     6
       Chain mail        |    93 |    51 ||   144
Dodge: Dodged            |    93 |    25 ||   118

Inventory:

Hand Weapons
 a - a +0 spear (weapon)
Armour
 h - a +0 chain mail (worn)
Wands
 c - a wand of digging (2)
Scrolls
 f - a scroll of fog
 g - a scroll of enchant armour {unknown}
 i - a scroll of teleportation {unknown}
 j - 3 scrolls of identify {unknown}
 y - 2 scrolls of magic mapping


You were on level 2 of the Dungeon.
You worshipped Nemelex Xobeh.
Nemelex Xobeh was aware of your devotion.
You visited 1 branch of the dungeon, and saw 5 of its levels.

You collected 76 gold pieces.

Dungeon Overview and Level Annotations

Branches:
Dungeon (5/15)
 Temple: D:4-7

Altars:
Nemelex Xobeh

Shops:
D:1 [

Annotations:
D:4 3 runed translucent doors, Crazy Yiuf

##################
#>.....)..........
#.o.........(.....
#@################
#.....# ## #####.#
#. #†# #.
#.###########.
#.............
##############


You could see an orc wizard.

Notes
Turn   | Place    | Note
-------+----------+-------------------------------------------
     0 | D:5      | theanonym the Mummy Delver began the quest for the Orb.
     0 | D:5      | Reached XP level 1. HP: 18/18 MP: 1/1
    20 | D:4      | Noticed an iguana
    39 | D:4      | Found a sparkling altar of Nemelex Xobeh.
    47 | D:4      | Became a worshipper of Nemelex Xobeh the Trickster
    70 | D:4      | Found a large runed translucent door.
    79 | D:4      | Found a large runed translucent door.
   178 | D:4      | HP: 9/18 [adder (1)]
   183 | D:4      | HP: 8/18 [adder (1)]
   187 | D:4      | Reached skill level 2 in Polearms
   187 | D:4      | Reached XP level 2. HP: 6/24 MP: 2/2
   523 | D:4      | Found a runed translucent door.
   524 | D:4      | Noticed Crazy Yiuf
   738 | D:2      | Reached XP level 3. HP: 16/29 MP: 3/3
  1336 | D:1      | Found Sawkebb's Antique Armour Boutique.
  1449 | D:1      | Reached * piety under Nemelex Xobeh
  1713 | D:1      | Found a faded altar of an unknown god.
  1837 | D:1      | Reached skill level 1 in Invocations
  2178 | D:2      | Reached XP level 4. HP: 33/36 MP: 4/4
  2435 | D:2      | Reached skill level 3 in Polearms
  2685 | D:3      | HP: 15/36 [worm (5)]
  2880 | D:3      | Noticed a moth of wrath
  2895 | D:3      | HP: 1/37 [moth of wrath (18)]
  3295 | D:2      | HP: 16/37 [orc wizard (3)]
  3301 | D:2      | HP: 8/37 [orc wizard/magic dart (1)]
  3304 | D:2      | HP: 2/37 [orc wizard (3)]
  3304 | D:2      | Slain by an orc wizard

Vanquished Creatures
  2 adders
  2 worms
  2 dart slugs
  7 ball pythons
  3 bats
  6 endoplasms
  2 giant cockroaches (D:3)
  2 goblins
  4 hobgoblins
  11 jackals
  5 kobolds
  4 quokkas
  3 frilled lizards
53 creatures vanquished.

Table legend: (Time is in decaauts)
 A = Elapsed time spent in this place.
 B = Non-inter-level travel time spent in this place.
 C = Inter-level travel time spent in this place.
 D = Time resting spent in this place.
 E = Time spent auto-exploring this place.
 F = Levels seen in this place.
 G = Mean time per level.
                   A        B        C        D        E       F      G
               +--------+--------+--------+--------+--------+-----+--------+
         Total |   3299 |   3170 |    129 |   1200 |   1355 |   5 |  659.8 |
       Dungeon |   3299 |   3170 |    129 |   1200 |   1355 |   5 |  659.8 |
               +--------+--------+--------+--------+--------+-----+--------+

Top non-repeatable levels by time:
     D:1: 1263 daAuts
     D:2: 795 daAuts
     D:3: 683 daAuts
     D:4: 549 daAuts
     D:5: 7 daAuts
